[Event "Late-Titled-Tuesday-Blitz-June-04-2024"]
[Site "Chess.com"]
[Date "2024.06.04"]
[Round "2"]
[White "1g60-1"]
[Black "Agustin_Meza"]
[Result "1-0"]
[WhiteElo "2464"]
[BlackElo "2172"]
[TimeControl "180+1"]
[EndTime "14:18:22 PDT"]
[Termination "1g60-1 won on time"]

1. e4 c5 2. Nf3 Nc6 3. d4 cxd4 4. Nxd4 e5 5. Nb5 d6 6. N1c3 a6 7. Na3 b5 8. Nd5 Nf6 9. Bg5 Be7 10. Bxf6 Bxf6 11.
Bd3 O-O 12. O-O Be6 13. c3 Bxd5 14. exd5 Ne7 15. Nc2 g6 16. a4 Qb6 17. axb5 axb5 18. Nb4 Bg7 19. Qe2 Qc5 20. Bxb5 Nxd5 21. Rxa8 Rxa8 22. Bc6 Nf4 23. Qf3 Rb8 24. g3 Ne6 25.
Bd5 h5 26. h4 Rf8 27. Ra1 Nd4 28. Qe4 Nf5 29. Ra6 Kh7 30. Rc6 Qa7 31. Ra6 Qc5 32. Kg2 Ne7 33. Nd3 Qxd5 34. Qxd5 Nxd5 35. Rxd6 Nc7 36. Rd7 Ne6 37. b4 Rc8 38. Rxf7 Rxc3 39. Nxe5 Kg8 40. Re7 Bxe5 41. Rxe6 Bd4 42. Rxg6+ Kf7 43. Rg5 Rc2 44. Rxh5 Rxf2+ 45. Kh3 Rb2 46. Rf5+ Ke6 47. Rf4 Be5 48. Rf3 Rxb4 49. g4 Rb1 50. g5 Rh1+ 51. Kg4 Kd5 52. Kh5 Ke4 53. Rb3 Kf5 54. g6 Rg1 55. Rb5 Rc1 56. g7 Rg1 57.
Kh6 Kf6 58. h5 1-0

[Event "Late-Titled-Tuesday-Blitz-June-04-2024"]
[Site "Chess.com"]
[Date "2024.06.04"]
[Round "2"]
[White "protectiago"]
[Black "Road2GM3000"]
[Result "0-1"]
[WhiteElo "2119"]
[BlackElo "2446"]
[TimeControl "180+1"]
[EndTime "14:18:22 PDT"]
[Termination "Road2GM3000 won by resignation"]

1. d4 d5 2. c4 c6 3. g3 Nf6 4. Qc2 g6 5. Bg2 Bg7 6. Nf3 O-O 7. O-O Bf5 8. Qb3 Qb6 9. Nc3 Nbd7 10. Bf4 dxc4 11. Qxc4 Qxb2 12. Ne5 Nxe5 13. dxe5 Be6 14.
Qc5 Nd7 15. Qe3 Nb6 16. Rab1 Qa3 17. Nd5 Qxe3 18. Nxe7+ Kh8 19. Bxe3 Rae8 20. Nxc6 bxc6 21. Bxc6 Rc8 22. Bxb6 Rxc6 23. Bd4 Bxa2 24. Ra1 Bd5 25. Rxa7 Re8 26. f4 Rc2 27. Kf2 Bc4 28. Re1 h5 29.
Rc7 Ra8 30. Ke3 Raa2 31. Rc8+ Kh7 32. h3 Rxe2+ 33. Rxe2 Rxe2+ 34. Kf3 Rc2 35. Ke3 Bb3 36. Rxc2 Bxc2 37. g4 Bd1 38. gxh5 Bxh5 39. Ke4 Bd1 40. Ke3 Bc2 41. Bc5 Bf5 42. h4 Kg8 43. Be7 Bf8 44.
Bg5 Bc5+ 45. Kf3 Kf8 46. Ke2 Be7 47. Bh6+ Ke8 48. Ke3 Bxh4 49. Kd4 Kd7 50. Kc5 Ke6 51. Kd4 Be1 52. Ke3 Bc3 53. Kf3 Kd5 54. Bg5 Kc4 55.
Bf6 Bd2 56. Bg5 Kd3 57. Bh6 Be4+ 58. Kg4 Ke2 59. Kg5 Bf5 60. Kf6 Be6 61. Bg5 Kf3 62. Bh6 Bxf4 63. Bg7 Ke4 64. Ke7 Bxe5 65. Bh6 Kf5 66.
Bd2 g5 0-1

[Event "Late-Titled-Tuesday-Blitz-June-04-2024"]
[Site "Chess.com"]
[Date "2024.06.04"]
[Round "2"]
[White "MKlose11"]
[Black "Rud_Makarian"]
[Result "0-1"]
[WhiteElo "2608"]
[BlackElo "2984"]
[TimeControl "180+1"]
[EndTime "14:18:23 PDT"]
[Termination "Rud_Makarian won by checkmate"]

1. e4 c5 2. Nc3 Nc6 3. g3 g6 4. d3 Bg7 5. Be3 d6 6. Bg2 e5 7.
f4 Nge7 8. Nf3 exf4 9. Bxf4 O-O 10. O-O Ne5 11. Qd2 Be6 12. Bh6 Nxf3+ 13. Rxf3 Nc6 14. Bxg7 Kxg7 15. Raf1 h6 16. R3f2 Qg5 17. Qf4 Rad8 18. a3 a6 19. Ne2 Ne5 20. h3 b5 21. h4 Qe7 22. Qd2 Ng4 23. Rf4 g5 24. hxg5 hxg5 25. Rf6 Qxf6 26. Rxf6 Kxf6 27. Bh3 Ne5 28. Bg2 Rh8 29.
d4 cxd4 30. Nxd4 Kg6 31. Nf3 Nxf3+ 32. Bxf3 Rh3 33. Kg2 Rdh8 34. Qxd6 Rh2+ 35. Kg1 Rxc2 36.
Bg4 Re8 37. Bf5+ Kg7 38. Qe5+ f6 39. Qd6 Bxf5 40. g4 Bg6 41. e5 Rxe5 42. Kf1 Ree2 43. Qd7+ Bf7 44. Qd4 Rxb2 45. a4 Ra2 46. axb5 axb5 47.
Qd7 Reb2 48. Qd1 Rh2 49. Kg1 Rag2+ 50. Kf1 Bc4+ 51. Ke1 Rh1# 0-1

[Event "Late-Titled-Tuesday-Blitz-June-04-2024"]
[Site "Chess.com"]
[Date "2024.06.04"]
[Round "2"]
[White "dretch"]
[Black "el_sporco"]
[Result "1-0"]
[WhiteElo "2866"]
[BlackElo "2555"]
[TimeControl "180+1"]
[EndTime "14:18:24 PDT"]
[Termination "dretch won by resignation"]

1. d4 Nf6 2. c4 e6 3. Nf3 b6 4. g3 Ba6 5. b3 Bb4+ 6. Bd2 Be7 7.
Bg2 c6 8. O-O d5 9. Qc2 O-O 10.
Rc1 Nbd7 11. a4 Bb7 12. cxd5 cxd5 13. Qc7 Ba6 14. Qxd8 Rfxd8 15. Nc3 Rdc8 16. Nb5 Bxb5 17. Rxc8+ Rxc8 18. axb5 Ra8 19. Ne1 a5 20. bxa6 Nb8 21. a7 Nc6 22. Rc1 Nxa7 23. Ra1 Ne8 24. e4 Nc7 25.
exd5 exd5 26. Nc2 Bf6 27. Bf4 Nab5 28. Rxa8+ Nxa8 29. Bxd5 Nac7 30. Bc4 Kf8 31. Kf1 Ke7 32. Ke2 Kd7 33. Kd3 Nd6 34. Bxd6 Kxd6 35. Bxf7 Nb5 36. Bc4 Nc7 37. Ne3 g6 38. Bg8 h6 39.
Ng4 Bg7 40. f4 Nb5 41. Ne5 g5 42. Bc4 Nc7 43. fxg5 hxg5 44. Nf7+ Kc6 45. Nxg5 b5 46. Bf7 Kb6 47. Ne4 Ka5 48. Nc5 Kb4 49. h4 Ka3 50. g4 b4 51. g5 Nb5 52. Ne6 Bh8 53. Nf4 Nxd4 54. h5 Nxb3 55. Bxb3 Kxb3 56. Nd5 Ka3 57. Nxb4 Kxb4 58. h6 Kc5 59. g6 Kd6 60. g7 1-0

[Event "Late-Titled-Tuesday-Blitz-June-04-2024"]
[Site "Chess.com"]
[Date "2024.06.04"]
[Round "2"]
[White "zacachess"]
[Black "alexrustemov"]
[Result "0-1"]
[WhiteElo "2546"]
[BlackElo "2826"]
[TimeControl "180+1"]
[EndTime "14:18:24 PDT"]
[Termination "alexrustemov won on time"]

1. e4 e6 2. d4 d5 3. Nc3 dxe4 4.
Nxe4 Bd7 5. Nf3 Bc6 6. Bd3 Nd7 7.
O-O Ngf6 8. Ng3 Be7 9. c3 O-O 10. Bf4 b6 11. Re1 Bb7 12. Qe2 c5 13. Rad1 Bxf3 14.
Qxf3 cxd4 15. Bb5 Qc8 16. Bc6 dxc3 17. Bxa8 Qxa8 18. Qxa8 Rxa8 19. bxc3 Rc8 20. Nf5 Bf8 21. Nd6 Rxc3 22. Rc1 Ra3 23. Rc8 Rxa2 24. Nb5 a6 25. Nc7 Rc2 26. h3 Nd5 27. Bd6 Nxc7 28. Rxc7 Rxc7 29.
Bxc7 g5 30. Rd1 Nf6 31. Bd6 Bxd6 32. Rxd6 Nd5 33. Rd8+ Kg7 34. Ra8 a5 35. f3 h5 36. Kf2 h4 37. g3 hxg3+ 38. Kxg3 Kf6 39. h4 gxh4+ 40. Kxh4 Kf5 41. Kg3 f6 42. Ra7 Ke5 43. Ra8 Kd4 44. Re8 e5 45. Kg4 b5 46.
Kf5 a4 47. Rd8 Kc5 48. Rc8+ Kb4 49. Ke6 Nc3 50. Kxf6 e4 51. f4 a3 52. Re8 a2 53.
Ra8 e3 54. Rxa2 Nxa2 55. f5 e2 0-1

[Event "Late-Titled-Tuesday-Blitz-June-04-2024"]
[Site "Chess.com"]
[Date "2024.06.04"]
[Round "2"]
[White "maximnovik"]
[Black "Revan_2002"]
[Result "1-0"]
[WhiteElo "2506"]
[BlackElo "2792"]
[TimeControl "180+1"]
[EndTime "14:18:25 PDT"]
[Termination "maximnovik won by resignation"]

1. e4 e6 2. d4 d5 3. e5 c5 4.
c3 Nc6 5. Nf3 Bd7 6. Be2 Nge7 7.
O-O Nf5 8. dxc5 Bxc5 9. Bd3 O-O 10. Bg5 Be7 11. Bxe7 Qxe7 12. Nbd2 Nh4 13. Re1 Nxf3+ 14. Nxf3 f5 15. c4 dxc4 16. Bxc4 Rfd8 17. Qd6 h6 18. Rad1 Qf7 19. Qc7 Be8 20. Qxf7+ Bxf7 21. h4 Kf8 22. a3 Ke7 23. Bb5 Be8 24. Kh2 a6 25. Bxc6 Bxc6 26.
Nd4 Bd5 27. Rd2 g5 28. Red1 Rg8 29. Nxf5+ exf5 30. Rxd5 gxh4 31. Rd7+ Ke8 32. Rxb7 f4 33. Rd4 Rg5 34. e6 Re5 35. Rxf4 Rxe6 36. Rxh4 Rd8 37. Rg4 Kf8 38. Rf4+ Kg8 39. Rff7 Rg6 40. g3 Re8 41. Rfc7 h5 42. Kh3 Rf8 43. f4 Re8 44.
Rc5 Rf8 45. Rxh5 Re8 46. Rg5 Rxg5 47. fxg5 Re5 48. Kh4 a5 49. Kh5 Re6 50. b4 axb4 51.
axb4 Re3 52. g4 Re6 53. g6 Re8 54. Kh6 Rd8 55. b5 Re8 56. b6 Rd8 57. Rc7 Kf8 58.
b7 Ke8 59. Rc8 1-0

[Event "Late-Titled-Tuesday-Blitz-June-04-2024"]
[Site "Chess.com"]
[Date "2024.06.04"]
[Round "2"]
[White "jk13"]
[Black "Heinza9"]
[Result "1/2-1/2"]
[WhiteElo "2681"]
[BlackElo "2360"]
[TimeControl "180+1"]
[EndTime "14:18:27 PDT"]
[Termination "Game drawn - insufficient material"]

1. e4 e6 2. d3 d5 3. Qe2 Be7 4. Nf3 Nf6 5. g3 c5 6. Bg2 Nc6 7. O-O b6 8. e5 Nd7 9. c4 d4 10. h4 Bb7 11. Re1 Qc7 12. Na3 a6 13. Nc2 h6 14. a3 O-O-O 15. Bd2 g5 16. hxg5 hxg5 17.
g4 Rdg8 18. b4 Nd8 19. Rab1 Bxf3 20. Qxf3 Qb7 21. Qg3 Qc7 22. bxc5 bxc5 23. Qf3 Nxe5 24. Qa8+ Kd7 25. Qxa6 Nxg4 26. Qa4+ Nc6 27. Bxc6+ Qxc6 28.
Rb7+ Kd6 29. Qxc6+ Kxc6 30. Rxe7 Nh2 31. Kg2 Ng4 32. Kg3 Nh6 33. Ra7 Nf5+ 34. Kg2 Nh4+ 35. Kf1 Nf3 36. Rd1 f5 37. Ke2 Nxd2 38. Kxd2 Ra8 39. Rxa8 Rxa8 40. Rh1 Kd6 41. Rh6 Ke5 42. Rg6 g4 43. Kc1 Ra7 44. Kb2 Rh7 45. a4 Rh2 46. a5 Rxf2 47. a6 Rh2 48. a7 Rh8 49. Rg7 Ra8 50. Na3 Kf4 51. Nb5 e5 52. Nc7 Rxa7 53.
Nd5+ Kf3 54. Rxa7 g3 55. Kc2 Kf2 56. Rf7 f4 57. Nxf4 exf4 58. Rxf4+ Ke3 59. Rg4 Kf3 60. Rg8 g2 61. Kb3 Kf2 62. Ka4 g1=Q 63. Rxg1 Kxg1 64. Kb5 Kf2 65. Kxc5 Ke3 66. Kb5 Kxd3 67. c5 Ke3 68. c6 d3 69. c7 d2 70. c8=Q d1=Q 71. Qc3+ Qd3+ 72. Qxd3+ Kxd3 1/2-1/2

[Event "Late-Titled-Tuesday-Blitz-June-04-2024"]
[Site "Chess.com"]
[Date "2024.06.04"]
[Round "2"]
[White "PapaieDudu"]
[Black "mightysmasher"]
[Result "0-1"]
[WhiteElo "2345"]
[BlackElo "2592"]
[TimeControl "180+1"]
[EndTime "14:18:28 PDT"]
[Termination "mightysmasher won on time"]

1. Nf3 d5 2. d4 Nf6 3. c4 e6 4.
Nc3 Be7 5. Bg5 O-O 6. e3 Ne4 7.
Bxe7 Qxe7 8. cxd5 Nxc3 9. bxc3 exd5 10. Qc2 c6 11. Bd3 h6 12. O-O Nd7 13. e4 Nb6 14.
Rfe1 Qc7 15. e5 Be6 16. h3 Rae8 17. Nh2 c5 18. Qe2 cxd4 19. cxd4 Rc8 20. f4 Qc3 21. Nf3 Rfe8 22. f5 Bd7 23. Kh1 Nc4 24. Rac1 Qa3 25.
Bb1 Qb2 26. Rc2 Qb4 27. g4 Bb5 28. e6 f6 29. Nh4 Na3 30. Rxc8 Rxc8 31. Qf2 Nxb1 32.
Ng6 Nc3 33. e7 Re8 34. Qf3 Ne4 35. Rxe4 dxe4 36. Qd1 Bc6 37. d5 Bd7 38. d6 Qb5 39. a4 Qc6 40. Nf4 e3+ 41. Nd5 Qxa4 42. Qd3 Bb5 43. Qxe3 Bc6 44. Qe6+ Kh7 45. d7 Qd1+ 46. Kh2 Qd2+ 47. Kg3 Qd3+ 48. Kf2 Bxd5 49.
dxe8=Q Qf3+ 50. Ke1 Qc3+ 0-1

[Event "Late-Titled-Tuesday-Blitz-June-04-2024"]
[Site "Chess.com"]
[Date "2024.06.04"]
[Round "2"]
[White "guillembaches"]
[Black "RebecaJimnz"]
[Result "0-1"]
[WhiteElo "2488"]
[BlackElo "2281"]
[TimeControl "180+1"]
[EndTime "14:18:31 PDT"]
[Termination "RebecaJimnz won by resignation"]

1. d4 d5 2. Nf3 Nf6 3. Bg5 Ne4 4.
Bh4 c5 5. e3 Qb6 6. Nc3 Qxb2 7.
Nxd5 Nc3 8. Nxc3 Qxc3+ 9. Nd2 cxd4 10. Bb5+ Bd7 11. Bxd7+ Nxd7 12. O-O dxe3 13. fxe3 Nf6 14. Nf3 g6 15. Rb1 b6 16. Rb3 Qc6 17. Ne5 Qe6 18.
Qf3 Rc8 19. Bxf6 exf6 20. Ng4 Bg7 21. Nxf6+ Bxf6 22. Qxf6 Qxf6 23. Rxf6 Rxc2 24. Ra3 Ke7 25. Rf4 Ra8 26. Re4+ Kf6 27. h4 a5 28. Kh2 Rac8 29.
Rb3 R8c6 30. a4 Ra2 31. Rb5 Kg7 32. Rf4 Rcc2 33. Rxb6 Rxg2+ 34. Kh3 Rge2 35. Re4 Ra3 36. Kg4 Rexe3 37. Rd4 Red3 38. Rc4 Rdc3 39. Rd4 Rc5 40. Rd7 h5+ 41. Kf4 Rc4+ 42. Ke5 Rcxa4 43. Rbb7 Rf3 44. Kd5 Rf5+ 45. Kc6 Rxh4 46. Kb6 Rhf4 47. Ka6 a4 48. Rb8 a3 49. Rd2 Rf6+ 50. Kb7 Rf2 51. Rd3 Rb2+ 52. Kc8 Rxb8+ 53. Kxb8 Ra6 54. Rd1 a2 55. Ra1 h4 56. Kb7 Ra3 57. Kb6 h3 58. Kb5 h2 59.
Kb4 Ra8 60. Kb3 h1=Q 61. Rxh1 a1=Q 62. Rh7+ Kxh7 0-1

[Event "Late-Titled-Tuesday-Blitz-June-04-2024"]
[Site "Chess.com"]
[Date "2024.06.04"]
[Round "2"]
[White "Rital44"]
[Black "NCchamp"]
[Result "0-1"]
[WhiteElo "2693"]
[BlackElo "2427"]
[TimeControl "180+1"]
[EndTime "14:18:32 PDT"]
[Termination "NCchamp won by checkmate"]

1. d4 d5 2. Nc3 Nf6 3. Bf4 a6 4. e3 Bf5 5. f3 e6 6. g4 Bg6 7. h4 h5 8. g5 Nfd7 9. Bd3 Bxd3 10. Qxd3 g6 11. O-O-O Bd6 12. Nh3 Qe7 13. e4 dxe4 14.
fxe4 Bxf4+ 15. Nxf4 Nc6 16. d5 Nce5 17. Qd4 Qc5 18.
dxe6 fxe6 19. Nxe6 Qxd4 20. Rxd4 Rc8 21. Nd5 c5 22. Rd2 Rc6 23. Ndf4 Ke7 24. Rhd1 Rxe6 25. Nxe6 Kxe6 26. Rd6+ Ke7 27. R6d5 Rf8 28. a3 Rf4 29. Re1 Ke6 30. Rd2 Rxh4 31. b4 Nf3 32. Red1 Nxd2 33.
Rxd2 cxb4 34. axb4 Rxe4 35. c3 Rg4 36. Kb2 Rxg5 37. Kb3 Rf5 38. Re2+ Ne5 39. Rd2 g5 40. Rd8 Rf7 41. Rh8 h4 42. c4 Kf5 43. c5 Kg4 44.
Kc3 h3 45. Kd4 Nc6+ 46. Kd5 Kg3 47. Ke6 Rg7 48. Kf6 Rc7 49. Kxg5 h2 50. Kf5 Kg2 51. Rg8+ Kh1 52. Ke6 Re7+ 53. Kd6 Re2 54. Kc7 Nxb4 55. Kxb7 Rg2 56. Rd8 Kg1 57. Rd1+ Kf2 58. Rh1 Kg3 59. Rb1 Rg1 60. Rb3+ Kg2 61. Rb2+ Kf3 62. Rb3+ Ke4 63. Rxb4+ Kd3 64. c6 h1=Q 65. Rb6 Rg7+ 66. Kxa6 Rc7 67.
Kb5 Qd5+ 68. Ka6 Rxc6 69. Rxc6 Qxc6+ 70. Ka5 Qb7 71. Ka4 Kc4 72. Ka3 Qb3# 0-1

[Event "Late-Titled-Tuesday-Blitz-June-04-2024"]
[Site "Chess.com"]
[Date "2024.06.04"]
[Round "2"]
[White "kingofthenil"]
[Black "Kombinator01"]
[Result "0-1"]
[WhiteElo "2883"]
[BlackElo "2478"]
[TimeControl "180+1"]
[EndTime "14:18:33 PDT"]
[Termination "Kombinator01 won by resignation"]

1. b3 d5 2. Bb2 Nc6 3. Nf3 f6 4. d4 Nh6 5. c4 e6 6. g3 Nf7 7. Bg2 Bb4+ 8. Nbd2 O-O 9. O-O b6 10. a3 Be7 11. e4 Bb7 12. Re1 Nd6 13. e5 fxe5 14. dxe5 Nf5 15. cxd5 Qxd5 16. Nd4 Qd7 17. Nxf5 Rxf5 18. Nc4 Qxd1 19. Raxd1 Bc5 20. Re2 Raf8 21. Rdd2 b5 22. b4 bxc4 23. bxc5 Na5 24. Rd7 Bxg2 25. Kxg2 R5f7 26. Rxf7 Rxf7 27. Bc3 Nb3 28. c6 Nc5 29. Rb2 h6 30. f4 g5 31. Bd4 Nb3 32. Bxa7 gxf4 33.
gxf4 Rxf4 34. Bb8 Rf7 35. a4 Kf8 36. Ba7 Ke8 37. Bc5 Nxc5 38. a5 c3 39. Rc2 Rf4 40. Rxc3 Na6 41. Rh3 Rc4 42. Rxh6 Rxc6 43. Rh8+ Kd7 44.
Rh7+ Kc8 45. Re7 Nc5 46. h4 Nd3 47. h5 Nf4+ 48. Kf3 Nxh5 49. Kg4 Rc5 50. Kxh5 Rxe5+ 51. Kg4 Rxa5 52. Rxe6 Rd5 53. Kf4 Kb7 54. Ke4 Rd8 55.
Re7 Kb6 56. Rh7 c5 57. Ke3 Kb5 58. Rh1 c4 59. Rb1+ Kc5 60. Rc1 Kb4 61. Rb1+ Kc3 62. Rc1+ Kb3 63. Ke2 c3 64. Rb1+ Kc2 65. Rb7 Re8+ 66.
Kf2 Kd2 67. Rd7+ Kc1 68. Re7 Rxe7 0-1

[Event "Late-Titled-Tuesday-Blitz-June-04-2024"]
[Site "Chess.com"]
[Date "2024.06.04"]
[Round "2"]
[White "Felix-Rose"]
[Black "Likvidator228"]
[Result "0-1"]
[WhiteElo "2343"]
[BlackElo "2581"]
[TimeControl "180+1"]
[EndTime "14:18:34 PDT"]
[Termination "Likvidator228 won by resignation"]

1. e4 e5 2. Nf3 Nc6 3. Bb5 a6 4. Ba4 Nf6 5. O-O Be7 6. Re1 b5 7. Bb3 d6 8. c3 Na5 9. Bc2 c5 10. h3 O-O 11. d4 Qc7 12. d5 Nc4 13. b3 Nb6 14. Nbd2 a5 15. a4 bxa4 16. bxa4 Ba6 17. Nf1 Rfe8 18. Ng3 Bf8 19. Nf5 g6 20. Nh6+ Bxh6 21.
Bxh6 Nh5 22. Nh4 f6 23. Qf3 Qf7 24. g4 Ng7 25. Kh2 Rab8 26. Rg1 Nd7 27. Nf5 Nxf5 28. gxf5 Kh8 29. fxg6 hxg6 30. Rg4 Nf8 31. Rag1 Rb2 32. Bd1 Bc8 33. Rh4 Nh7 34. Bg5 f5 35. Rh6 Rg8 36. Bc1 Rb1 37. Bc2 Rxc1 38. Rxc1 f4 39. Rg1 Qf6 40.
Bd3 Rg7 41. Bb5 Kg8 42. h4 Nf8 43. h5 Qh4+ 44. Kg2 gxh5+ 45. Kf1 Bg4 46. Qh1 Qe7 47. f3 Qg5 48. fxg4 Qxh6 49. gxh5 Rxg1+ 50. Qxg1+ Kf7 51. Qh1 Nh7 52. Qh4 Nf6 53. Qh3 Qxh5 54. Qe6+ Kg6 55.
Be8+ Kg5 56. Qf5+ Kh4 57. Qxh5+ Nxh5 58. Kf2 Kg4 59. Bd7+ Kg5 60. Be8 Nf6 61. Bb5 Nxe4+ 62. Kf3 Nxc3 0-1

[Event "Late-Titled-Tuesday-Blitz-June-04-2024"]
[Site "Chess.com"]
[Date "2024.06.04"]
[Round "2"]
[White "JoakimVonAnd"]
[Black "Itay121"]
[Result "1-0"]
[WhiteElo "2777"]
[BlackElo "2533"]
[TimeControl "180+1"]
[EndTime "14:18:36 PDT"]
[Termination "JoakimVonAnd won by resignation"]

1. d4 Nf6 2. c4 e6 3. Nc3 b6 4. e4 Bb4 5. Bd3 Bb7 6. f3 c5 7. d5 O-O 8. Ne2 d6 9. O-O Nbd7 10. a3 Bxc3 11. Nxc3 exd5 12. cxd5 Ne5 13. Be2 Re8 14. Bg5 h6 15. Bh4 Ng6 16. Bf2 a6 17. a4 Nh5 18. g3 Qg5 19. Kh1 Kh8 20.
f4 Nhxf4 21. gxf4 Nxf4 22. Bf3 Bc8 23. Bg3 Bh3 24. Rf2 Rad8 25. Qd2 Ng6 26. Qxg5 hxg5 27. Bh5 Kg8 28. Bxg6 fxg6 29. Re1 Rd7 30. Kg1 Rb8 31. Rf3 Bg4 32. Rd3 b5 33. axb5 axb5 34. e5 dxe5 35. Rxe5 Ra8 36. Nxb5 Bh3 37. Re1 Rf8 38. Bd6 Rf5 39.
Rxh3 Rxd5 40. Rf3 g4 41. Rf4 c4 42. Rxg4 Rxb5 43. Re8+ Kf7 44. Rf8+ Ke6 45. Rxg6+ Kd5 46. Rg5+ Kc6 47. Rxb5 Kxb5 48. Be5 g6 49. Bc3 Ka4 50. Rg8 Rd6 51. Kg2 Kb3 52. h4 Kc2 53. Kg3 Kd3 54. Kg4 Ke4 55. Kg5 Kf3 56. Rxg6 Rd5+ 57. Kh6 Kf4 58. h5 Rd8 59. Rf6+ Kg4 60. Rg6+ Kf5 61.
Rc6 Re8 62. Rxc4 Re6+ 63. Kg7 Re7+ 64. Kf8 Rh7 65. b4 Rxh5 66. Rc5+ Ke4 67. Rxh5 Kd3 68. b5 Kxc3 69. b6 Kc4 70. b7 1-0

[Event "Late-Titled-Tuesday-Blitz-June-04-2024"]
[Site "Chess.com"]
[Date "2024.06.04"]
[Round "2"]
[White "mostafa_sakha"]
[Black "IMRosen"]
[Result "1-0"]
[WhiteElo "2412"]
[BlackElo "2738"]
[TimeControl "180+1"]
[EndTime "14:18:36 PDT"]
[Termination "mostafa_sakha won on time"]

1. d4 d5 2. c4 e6 3. Nc3 Nf6 4.
cxd5 exd5 5. Bg5 c6 6. e3 Bd6 7.
Bd3 h6 8. Bh4 O-O 9. Nge2 Re8 10.
Qc2 a5 11. Bg3 Bxg3 12. Nxg3 Na6 13. a3 Nc7 14. O-O h5 15. h3 h4 16. Nf5 Nh5 17. Rae1 Qg5 18. f4 Qf6 19. Rf3 b5 20. Kh2 b4 21. Na4 Bxf5 22. Bxf5 Ng3 23. Bd3 Ne6 24.
Rc1 bxa3 25. bxa3 Nd8 26. Qc5 Rb8 27. Qxa5 g6 28. Qc3 Rc8 29. Nc5 Ne6 30. a4 Nxc5 31. Qxc5 Rc7 32. a5 Rce7 33. Re1 Nf5 34. Bxf5 Qxf5 35.
Qxc6 Re6 36. Qc5 Ra8 37. Ra1 Rea6 38. Ra3 Kg7 39. Qe7 Re6 40. Qb7 Rea6 41. Qc7 Rxa5 42. Rxa5 Rc8 43. Qe5+ Qf6 44. Qxf6+ Kxf6 45. Ra6+ Kf5 46.
Ra7 f6 47. Rd7 Rc3 48. Rxd5+ Ke4 49. Rd6 Kd3 50. Rxf6 Ke2 51. Rxg6 Rc2 52. Rg4 Ke1 53. f5 Ke2 54. f6 Kd3 55. f7 Kc3 56. f8=Q Rb2 57.
e4+ Kc2 58. Qc5+ Kb1 59. Rf1+ Ka2 60. Rg8 Rc2 61. Ra8+ 1-0

[Event "Late-Titled-Tuesday-Blitz-June-04-2024"]
[Site "Chess.com"]
[Date "2024.06.04"]
[Round "2"]
[White "i_like_explosions"]
[Black "BardArtem"]
[Result "0-1"]
[WhiteElo "2433"]
[BlackElo "2725"]
[TimeControl "180+1"]
[EndTime "14:18:39 PDT"]
[Termination "BardArtem won by resignation"]

1. d4 Nf6 2. Bg5 e6 3. e4 h6 4.
Bxf6 Qxf6 5. Nf3 d6 6. Nc3 g6 7. Qd2 Bg7 8. Bd3 Qe7 9. O-O-O a6 10. Kb1 O-O 11. h4 c5 12. dxc5 dxc5 13. h5 g5 14. e5 Nc6 15. Qe3 g4 16. Qe4 f5 17. exf6 Bxf6 18.
Qxg4+ Qg7 19. Qxg7+ Bxg7 20. Ne4 b6 21. Nd6 Bd7 22.
Be4 Ra7 23. Nc4 Nd4 24. c3 Nxf3 25. Bxf3 b5 26. Ne3 b4 27. cxb4 cxb4 28. Rd2 Be8 29.
Rhd1 Rxf3 30. gxf3 Bxh5 31. Ng4 Bg6+ 32. Ka1 h5 33. Ne3 a5 34. Rg1 Kh7 35. Ng2 a4 36. Nh4 Be8 37. Kb1 a3 38. bxa3 bxa3 39. Rd6 Bf6 40.
Rh1 Rb7+ 41. Kc1 Bg5+ 42. Kc2 Rb4 43. Ng2 Bg6+ 44. Kc3 Rb2 45. f4 Bf6+ 46. Kc4 Rxf2 47. Ne3 Rxa2 48. f5 Bf7 49. fxe6 Bg6 50. Nd5 Kg7 51.
Nxf6 Kxf6 52. Rf1+ Ke7 53. Ra6 Rc2+ 54. Kd5 Rd2+ 55.
Ke5 Re2+ 56. Kd5 Rd2+ 57. Kc5 Rc2+ 58. Kb4 Bd3 59. Ra1 Bxa6 60. Rxa3 Be2 61. Ra7+ Kxe6 62. Rh7 Bg4 63. Kb3 Rc5 64. Kb2 Re5 65. Rh6+ Kf5 66.
Rh7 Kg6 67. Kc1 Kxh7 68. Kd2 Rf5 69. Kd3 h4 0-1

[Event "Late-Titled-Tuesday-Blitz-June-04-2024"]
[Site "Chess.com"]
[Date "2024.06.04"]
[Round "2"]
[White "Tunahan_Makaraci"]
[Black "Kiborg95"]
[Result "0-1"]
[WhiteElo "2572"]
[BlackElo "2907"]
[TimeControl "180+1"]
[EndTime "14:18:42 PDT"]
[Termination "Kiborg95 won by resignation"]

1. e4 d6 2. d4 Nf6 3. Nc3 Nbd7 4.
Nge2 e5 5. g3 c6 6. a4 b6 7. Bg2 a6 8. O-O Bb7 9. h3 h5 10. Be3 Be7 11. f4 Qc7 12. Qd2 O-O 13. Bf3 b5 14. axb5 axb5 15. g4 hxg4 16. hxg4 b4 17.
Rxa8 Rxa8 18. Nd1 exd4 19. Nxd4 c5 20. Nf5 Bf8 21. Nf2 Ra2 22. g5 Ne8 23. b3 c4 24.
Qxb4 Rxc2 25. bxc4 Rxc4 26. Qb1 Nc5 27. Rc1 Rxc1+ 28. Qxc1 g6 29. Ng3 Ng7 30. Ng4 Ne8 31. Bd4 Ne6 32. Qxc7 N6xc7 33. Kf2 Ne6 34. Be3 Bg7 35.
f5 Nd4 36. f6 Nxf3 37. Kxf3 Bf8 38. Bb6 d5 39. e5 Bc8 40. Ne3 Be6 41. Ne2 Ba3 42. Nf4 Bb2 43. Nd3 Bc3 44. Kf4 d4 45. Ng4 Bd2+ 46. Kf3 Bxg5 47. Bxd4 Nc7 48. Ne3 Nd5 49.
Nxd5 Bxd5+ 50. Kg3 Kf8 51. Nf4 Bc4 52. Bc5+ Ke8 53.
Bd4 Kd7 54. Kf3 Bb3 55. Nd3 Bd5+ 56. Kg4 Bh6 57. Nf4 Be6+ 58. Kf3 g5 59. Nd3 Bf5 60.
Nb4 Ke6 61. Bc3 Bf8 62. Nc6 Kd5 63. Nb4+ Kc4 64. Be1 Bxb4 65. Bxb4 Kxb4 66. Ke3 Kc5 67. e6 Bxe6 0-1

[Event "Late-Titled-Tuesday-Blitz-June-04-2024"]
[Site "Chess.com"]
[Date "2024.06.04"]
[Round "2"]
[White "PoXerStar"]
[Black "GMG"]
[Result "0-1"]
[WhiteElo "2390"]
[BlackElo "2705"]
[TimeControl "180+1"]
[EndTime "14:18:42 PDT"]
[Termination "GMG won on time"]

1. d4 d5 2. c4 e6 3. Nc3 Nf6 4. cxd5 exd5 5. Bf4 c6 6. e3 Bf5 7. Nge2 Nbd7 8. Ng3 Bg6 9. h4 h5 10. Bd3 Bxd3 11.
Qxd3 Nb6 12. f3 Bd6 13. Bxd6 Qxd6 14. Nf5 Qf8 15. Kf2 g6 16. Ng3 Qe7 17. b3 O-O 18.
Nge2 Rfe8 19. Nf4 Rad8 20. Rad1 Nc8 21. Nh3 Nd6 22. Ng5 Nf5 23. Rde1 c5 24. dxc5 Qxc5 25. Nb5 Rc8 26. Rc1 Qxc1 27. Rxc1 Rxc1 28. e4 dxe4 29. Nxe4 Nxe4+ 30. fxe4 Nh6 31. Nd6 Rd8 32. Kg3 Rc6 33. e5 Ng4 34. Qd5 Nxe5 35. Qxe5 Rcxd6 36. Qe7 R8d7 37. Qe8+ Kg7 38. Qe5+ Kh7 39. Qe8 b6 40.
Qe5 a5 41. Kh2 Re6 42. Qf4 Kg7 43. Qf2 Rd5 44. Qf4 Rf5 45. Qd4+ Kh7 46. Qd7 Kg8 47. Qc8+ Kg7 48. Qc3+ Rfe5 49. Qc7 Re4 50. Qc3+ Kh7 51. Qf3 Kg8 52. Qg3 Rg4 53. Qb8+ Kh7 54. Kh3 Re3+ 55. Kh2 Rxh4+ 56. Kg1 Re1+ 57. Kf2 Re7 58. Qxb6 Rf4+ 59.
Kg3 Rf5 60. Kh2 Ree5 61. a3 Rg5 62. Qc7 Kg7 63. Qc3 Kg8 64. Qc8+ Kh7 65. Qc7 Ref5 0-1

[Event "Late-Titled-Tuesday-Blitz-June-04-2024"]
[Site "Chess.com"]
[Date "2024.06.04"]
[Round "2"]
[White "zverr1"]
[Black "penguingm1"]
[Result "0-1"]
[WhiteElo "2599"]
[BlackElo "2936"]
[TimeControl "180+1"]
[EndTime "14:18:46 PDT"]
[Termination "penguingm1 won by checkmate"]

1. e4 e5 2. Nf3 Nc6 3. Bc4 Nf6 4.
Ng5 d5 5. exd5 Na5 6. Bb5+ c6 7.
dxc6 bxc6 8. Be2 h6 9. Nh3 Bc5 10. d3 O-O 11. Nc3 Re8 12. O-O Nb7 13. Kh1 Nd6 14. Be3 Bd4 15. Bf3 Qb6 16. Na4 Qc7 17. Qd2 Bxe3 18. Qxe3 Bxh3 19. gxh3 Nf5 20. Qc5 Nd4 21. Bg2 Rac8 22. Rfe1 Nd7 23. Qc4 Ne6 24. Bf3 Nf4 25. Bg4 Rcd8 26. Re3 Nf6 27. Rae1 h5 28.
Bf5 N6d5 29. Rg3 Qd6 30. Be4 g6 31. Bf3 Qf6 32. Nc3 h4 33. Ne4 Qe7 34. Rg4 Nxh3 35. Qxc6 Kg7 36. Qc5 Qxc5 37. Nxc5 Nxf2+ 38. Kg1 Nxg4 39. Bxg4 Nf4 40. Bf3 Rc8 41. b4 a5 42. a3 axb4 43.
axb4 Rb8 44. Rb1 Rec8 45. Rb3 f5 46. Kf2 Kf6 47. Nd7+ Ke6 48. Nxb8 Rxb8 49. Ke3 Kd6 50. c4 g5 51. c5+ Ke7 52. b5 Ne6 53. c6 Nd4 54. Rb2 Rxb5 55. Rxb5 Nxb5 56. Bd5 Nc7 57. Bf3 g4 58. Bg2 Kd6 59. d4 Ne6 60. dxe5+ Kxe5 61. Bh1 f4+ 62. Kd3 h3 63. Ke2 Kd4 64. Kf2 Kc5 65. Ke2 Nd4+ 66. Kd3 Nxc6 67. Ke4 g3 68. Kxf4 g2 69. Kg3 gxh1=Q 70. Kxh3 Ne5 71. Kh4 Qe4+ 72.
Kg5 Qg6+ 73. Kh4 Qg4# 0-1